AoeStats
← Mhafiki

Hill Fort

504396438Analyzed
4v4 RM · 26d ago on Sep 5, 2026· 54m 44s· 8 players
Game mode
Random Map
Map size
Large (8 player)
Population
200
Speed
Normal
Resources
Standard
Victory
Conquest
Starting age
Dark Age
Ending age
Imperial Age
RankedLock teamsTeams togetherTeam positionsShared explorationLock speedFull tech treeHidden civsTurbo modeCheats
Victory
Defeat
🇧🇷 Persians · Brazil
1265
+8
🇧🇷 Hindustanis · Brazil
1093
+14
🇧🇷 Huns · Brazil
1016
+16
🇧🇷 Britons · Brazil
1016
+17
🇺🇸 Persians · United States
1132
-17
🇺🇸 Bulgarians · United States
1077
-15
🇺🇸 Hindustanis · United States
1053
-14
🇺🇸 Chinese · United States
910
-9
DKT | BRESSAN
5:29 Loom
11:27 Feudal Age
14:20 Horse Collar
17:38 Castle Age
15:35 Double-Bit Axe
17:07 Stone Mining
17:11 Gold Mining
18:10 Wheelbarrow
18:47 Heavy Plow
19:38 Bow Saw
22:02 Gold Shaft Mining
22:54 Fletching
23:06 Padded Archer Armor
24:19 Bodkin Arrow
27:31 Hand Cart
26:46 Crossbowman
33:23 Leather Archer Armor
33:31 Yeomen
36:16 Imperial Age
35:03 Ballistics
34:39 Murder Holes
37:46 Bracer
38:16 Ring Archer Armor
38:10 Conscription
39:00 Chemistry
37:28 Arbalester
54:10 Warwolf
chael
6:38 Loom
9:44 Feudal Age
14:18 Castle Age
13:26 Double-Bit Axe
23:22 Town Watch
24:36 Bow Saw
25:41 Wheelbarrow
24:54 Horse Collar
25:23 Gold Mining
26:19 Stone Mining
30:05 Hand Cart
29:55 Heavy Plow
30:31 Gold Shaft Mining
32:48 Imperial Age
30:43 Scale Barding Armor
30:49 Forging
33:24 Stone Shaft Mining
33:06 Bloodlines
32:57 Husbandry
33:19 Chain Barding Armor
33:35 Iron Casting
33:47 Cavalier
33:50 Light Cavalry
34:55 Conscription
36:05 Two-Man Saw
35:54 Plate Barding Armor
36:18 Savar
38:15 Blast Furnace
38:21 Town Patrol
42:07 Caravan
42:37 Ballistics
42:07 Pikeman
48:35 Chemistry
47:46 Masonry
49:06 Hoardings
48:46 Squires
48:48 Scale Mail Armor
50:22 Hussar
DKT | PLuS
5:05 Loom
11:43 Feudal Age
16:35 Castle Age
15:07 Gold Mining
14:59 Horse Collar
19:21 Double-Bit Axe
19:54 Heavy Plow
23:21 Bow Saw
30:41 Wheelbarrow
34:28 Imperial Age
32:24 Stone Mining
33:12 Gold Shaft Mining
32:54 Scale Barding Armor
32:59 Forging
33:45 Husbandry
33:55 Bloodlines
34:31 Hand Cart
34:59 Iron Casting
34:45 Chain Barding Armor
34:34 Heavy Camel Rider
40:34 Plate Barding Armor
40:59 Blast Furnace
40:37 Imperial Camel Rider
43:52 Caravan
45:44 Light Cavalry
51:03 Stone Shaft Mining
51:07 Hussar
51:52 Scale Mail Armor
52:55 Conscription
52:42 Pikeman
53:23 Squires
54:19 Chain Mail Armor
55:44 Two-Man Saw
DKT | Ragnarr
5:44 Loom
11:34 Feudal Age
21:39 Castle Age
20:05 Horse Collar
20:15 Double-Bit Axe
24:59 Bow Saw
25:19 Husbandry
28:18 Scale Barding Armor
28:49 Marauders
29:11 Forging
32:40 Iron Casting
32:26 Chain Barding Armor
32:10 Fletching
33:20 Wheelbarrow
32:56 Gold Mining
32:59 Stone Mining
34:13 Gold Shaft Mining
33:41 Heavy Plow
34:57 Bloodlines
39:44 Imperial Age
37:35 Bodkin Arrow
39:03 Hand Cart
40:02 Caravan
41:34 Blast Furnace
41:53 Plate Barding Armor
43:38 Conscription
46:01 Two-Man Saw
44:47 Elite Tarkan
49:46 Bracer
49:19 Light Cavalry
54:12 Hussar
Triqem
10:01 Loom
11:48 Feudal Age
19:05 Castle Age
18:02 Scale Barding Armor
18:45 Forging
20:44 Wheelbarrow
19:59 Double-Bit Axe
20:03 Horse Collar
23:01 Chain Barding Armor
22:38 Gold Mining
24:06 Bow Saw
24:37 Iron Casting
24:13 Heavy Plow
26:19 Hand Cart
26:22 Bloodlines
28:09 Stone Mining
32:40 Imperial Age
31:40 Grand Trunk Road
33:29 Husbandry
32:50 Heavy Camel Rider
34:13 Plate Barding Armor
34:39 Blast Furnace
34:04 Conscription
36:01 Two-Man Saw
35:13 Imperial Camel Rider
36:26 Town Watch
37:52 Town Patrol
38:01 Devotion
41:35 Caravan
43:09 Scale Mail Armor
43:00 Fletching
DVaso
11:07 Feudal Age
10:57 Loom
12:56 Wheelbarrow
12:09 Double-Bit Axe
12:06 Horse Collar
19:04 Castle Age
20:36 Bloodlines
20:34 Scale Barding Armor
20:40 Forging
20:28 Gold Mining
21:46 Bow Saw
23:20 Chain Barding Armor
23:10 Heavy Plow
22:57 Town Watch
26:02 Iron Casting
26:18 Husbandry
31:23 Imperial Age
29:56 Stirrups
31:25 Elite Konnik
35:07 Plate Barding Armor
40:37 Blast Furnace
41:03 Fletching
41:28 Caravan
41:09 Pikeman
41:51 Scale Mail Armor
42:09 Bodkin Arrow
42:44 Chain Mail Armor
42:37 Bracer
42:44 Murder Holes
43:57 Halberdier
46:19 Plate Mail Armor
46:14 Conscription
46:00 Squires
48:26 Crop Rotation
50:43 Ballistics
jbgorthy7426
0:32 Loom
11:29 Feudal Age
12:04 Double-Bit Axe
12:17 Gold Mining
18:42 Castle Age
17:48 Fletching
17:59 Padded Archer Armor
18:15 Horse Collar
19:55 Bow Saw
23:58 Scale Mail Armor
24:12 Forging
28:04 Elite Skirmisher
32:05 Imperial Age
30:24 Chain Mail Armor
31:19 Bodkin Arrow
31:40 Leather Archer Armor
32:14 Iron Casting
33:24 Elite Fire Lancer
36:43 Chemistry
47:10 Plate Mail Armor
46:41 Bracer
47:11 Ring Archer Armor
47:42 Blast Furnace
49:05 Two-Man Saw
Mhafiki
6:50 Loom
11:04 Feudal Age
12:41 Wheelbarrow
16:58 Castle Age
16:49 Double-Bit Axe
17:43 Bow Saw
18:10 Hand Cart
22:38 Horse Collar
25:21 Heavy Plow
29:28 Imperial Age
29:08 Forging
29:03 Scale Barding Armor
31:15 Two-Man Saw
31:08 Bloodlines
31:00 Husbandry
32:17 Iron Casting
32:30 Crop Rotation
34:40 Blast Furnace
33:15 Cavalier
34:18 Chain Barding Armor
34:41 Savar
35:27 Stone Mining
35:49 Town Watch
36:46 Plate Barding Armor
38:28 Gold Mining
39:17 Stone Shaft Mining
39:05 Town Patrol
40:00 Caravan
40:10 Guilds
40:30 Coinage
41:14 Sappers
51:02 Light Cavalry
52:05 Fletching
52:37 Ballistics
53:18 Chemistry
52:58 Bodkin Arrow
53:10 Hussar
55:04 Conscription
Connection lost

Rejoining the realm…

Still unreachable

The connection could not be restored.

Session expired

The server has moved on; the page needs a fresh start.